Map: Emerald City LE

Players

BNǂrayan

  • Race: Terran Terran
  • League: Platinum
  • Spawn Location: 11:00

seb

  • Race: Terran Terran
  • Spawn Location: 11:00

Massa - Winner!

  • Race: Terran Terran
  • Spawn Location: 5:00

qqq - Winner!

  • Race: Protoss Protoss
  • Spawn Location: 5:00

VOD

Have the link to the VOD?

Description

Time

  • Played on: June 19, 2020, 6:19 p.m.
  • Length: 15:54
Show
View Real Time Build Order
Export as new Build Order

BNǂrayan Terran 

Build Orders:  

Get SALT Encoding   

  12  0:05  SCV  
  13  0:16  Supply Depot  
  13  0:19  SCV  
  14  0:31  SCV  
  15  0:38  Barracks  
  15  0:46  SCV  
  16  0:50  Refinery  
  16  0:58  Refinery  
  16  1:06  SCV  
  17  1:27  Marine  
  17  1:30  Barracks  
  18  1:34  Bunker  
  18  1:41  Orbital Command  
  18  1:45  Marine  
  19  2:03  Marine  
  20  2:21  Reaper  
  17  2:44  Marine  
  17  2:47  Supply Depot  
  18  2:52  Factory  
  16  3:16  Supply Depot  
  16  3:18  Supply Depot  
  16  3:37  Marine  
  16  3:49  Factory Tech Lab  
  16  3:52  Starport  
  16  3:56  Barracks  
  16  3:58  Barracks, Supply Depot  
  16  3:59  Barracks Reactor  
  16  4:14  Cyclone  
  19  4:34  Medivac  
  20  5:13  Medivac  
  22  5:15  Barracks Reactor, Barracks Tech Lab  
  22  5:16  Reaper  
  23  5:36  Marine x2  
  25  5:48  Marine  
  26  5:54  Marine  
  27  5:58  Marine  
  28  6:19  Marine x2  
  28  6:20  Marine x2  
  32  6:34  Supply Depot  
  32  6:42  Marine x2  
  32  6:43  Marine  
  35  7:29  Marine x4  
  38  7:30  Marine  
  38  7:31  Cyclone  
  43  7:47  Marine  
  44  7:52  Viking  
  44  8:03  Hellion, Marine  
  41  8:25  Hellion  
  43  8:40  Marine x4  
  47  9:33  SCV, Marine x2  
  47  9:35  Marine  
  41  9:45  SCV  
  40  9:58  SCV  
  26  10:34  Marine x5  
  31  10:36  Cyclone  
  31  10:52  Marine x3  
  31  11:12  Command Center  
  30  11:24  Supply Depot  
  30  11:27  Combat Shield  
  30  11:33  Starport Reactor  
  30  11:45  SCV  
  31  11:57  SCV, Supply Depot  
  32  12:12  Barracks  
  32  12:17  Barracks  
  32  12:24  Orbital Command  
  32  12:29  SCV  
  33  12:32  Marine x4  
  33  12:33  Marine  
  38  12:41  SCV  
  38  12:42  Viking  
  41  12:47  Viking  
  41  12:50  Siege Tank  
  46  12:53  SCV  
  47  13:12  Viking  
  49  13:13  Supply Depot  
  49  13:17  Viking  
  51  13:22  Armory  
  51  13:33  SCV x2  
  53  13:40  Supply Depot  
  53  13:42  Siege Tank  
  52  14:11  Viking x2  
  52  14:12  Marine x2  
  52  14:13  Marine x2  
  52  14:14  Marine x2  
  52  14:15  Marine  
  48  14:41  Viking  
  42  14:51  Viking  
  29  15:04  Thor  
  29  15:06  Marine x6  
  29  15:07  Marine  
  41  15:11  Viking  
  42  15:23  Marine  
Show
View Real Time Build Order
Export as new Build Order

seb Terran 

Build Orders:  

Get SALT Encoding   

  12  0:00  SCV  
  13  0:13  SCV  
  14  0:17  Supply Depot  
  14  0:25  SCV  
  15  0:29  Refinery  
  15  0:41  Barracks  
  15  0:45  SCV  
  16  0:57  SCV  
  17  1:09  SCV  
  18  1:26  Barracks  
  18  1:29  Marine  
  19  1:36  Factory  
  19  1:42  Bunker  
  19  1:47  Marine  
  19  1:49  Supply Depot  
  20  2:05  Marine  
  21  2:15  Orbital Command  
  21  2:23  Marine  
  21  2:28  Factory Tech Lab  
  22  2:30  Barracks Tech Lab  
  21  2:59  Siege Tank  
  21  3:01  Refinery  
  24  3:14  SCV  
  24  3:17  Barracks Reactor  
  25  3:20  Supply Depot  
  25  4:00  SCV  
  25  4:11  Siege Tank  
  25  4:12  SCV  
  29  4:20  Engineering Bay  
  29  4:23  Marine x2  
  31  4:25  SCV  
  31  4:26  Marine  
  33  4:41  SCV, Marine x2  
  33  4:43  Siege Tank  
  39  5:38  Command Center  
  39  5:43  Starport  
  39  5:45  Missile Turret  
  39  6:23  Stimpack  
  39  6:32  SCV, Marine x3, Medivac  
  45  6:44  SCV  
  46  6:50  Marine x3  
  49  6:56  SCV  
  46  7:02  Medivac  
  46  7:07  Marine  
  46  7:08  Marine x2  
  41  7:25  Marine x3  
  41  7:26  Cyclone  
  47  7:43  Marine x3  
  49  7:46  Planetary Fortress  
  49  7:48  SCV  
  50  7:58  Cyclone  
  50  8:00  SCV  
  50  8:01  Marine x3  
  50  8:02  Combat Shield  
  57  8:12  SCV  
  58  8:19  Marine x3  
  61  8:24  SCV  
  62  8:43  Marine x3  
  62  8:48  Missile Turret  
  60  8:49  SCV  
  60  8:50  SCV, Missile Turret  
  62  9:08  Refinery  
  62  9:12  Supply Depot  
  62  9:19  Missile Turret  
  62  9:21  Missile Turret  
  62  9:33  Marine x3  
  62  9:34  SCV x2, Cyclone  
  62  9:35  Supply Depot  
  70  9:45  Supply Depot  
  70  9:50  SCV  
  70  9:51  Marine  
  70  9:53  SCV  
  70  9:54  Marine  
  70  9:56  Marine  
  70  9:57  Medivac  
  71  10:05  SCV  
  72  10:09  Marine  
  72  10:11  Marine  
  72  10:14  Marine  
  74  10:16  SCV  
  74  10:17  SCV  
  74  10:18  Refinery  
  75  10:26  Medivac  
  75  10:27  Marine, Command Center  
  75  10:28  SCV  
  79  10:29  Marine  
  79  10:31  Marine  
  76  10:45  Marine  
  76  10:47  Marine  
  76  10:49  Marine  
  78  11:00  SCV x2  
  78  11:03  Marine  
  81  11:05  Marine, Missile Turret  
  81  11:07  Marine  
  79  11:12  Viking  
  79  11:13  SCV  
  82  11:20  Starport, Marine  
  82  11:22  Starport  
  82  11:23  Marine  
  82  11:25  Marine  
  85  11:38  Marine  
  85  11:39  SCV  
  89  11:40  SCV, Marine  
  89  11:42  Planetary Fortress, Viking  
  89  11:43  Marine  
  89  11:45  Missile Turret  
  92  11:47  Refinery  
  92  11:50  Refinery  
  92  11:51  SCV  
  92  11:52  SCV  
  94  11:56  Marine  
  94  11:58  Marine  
  94  12:01  Marine  
  97  12:02  Supply Depot  
  97  12:03  Viking  
  97  12:04  SCV x2  
  97  12:05  Supply Depot  
  101  12:19  Marine x3  
  101  12:20  SCV x2, Viking  
  109  12:22  SCV  
  109  12:32  SCV x2  
  109  12:34  SCV  
  109  12:35  Barracks  
  109  12:37  Marine x2  
  109  12:39  Siege Tank  
  114  12:44  SCV x2  
  114  12:47  SCV  
  114  12:54  Marine  
  114  12:55  Marine x2  
  114  12:56  SCV  
  115  13:06  Command Center  
  115  13:11  Marine  
  115  13:12  Siege Tank  
  103  13:13  Marine x2  
  103  13:14  SCV  
  106  13:22  Missile Turret, Viking x2  
  106  13:23  Missile Turret  
  106  13:25  Hi-Sec Auto Tracking  
  110  13:28  Armory  
  110  13:29  Marine  
  110  13:32  Armory  
  105  13:44  Widow Mine  
  101  13:56  Marine x2  
  101  13:57  Marine  
  101  14:00  Missile Turret  
  100  14:05  Widow Mine  
  98  14:14  Marine x3, Viking x2  
  85  14:27  Widow Mine  
  87  14:32  Marine x3  
  61  14:48  Widow Mine  
  61  14:50  Marine x3  
  41  15:07  Marine  
  41  15:08  Marine x2  
  36  15:25  Marine  
  36  15:26  Marine x2  
Show
View Real Time Build Order
Export as new Build Order

Massa Terran - Winner!

Build Orders:  

Get SALT Encoding   

  12  0:06  SCV  
  13  0:17  Supply Depot  
  13  0:18  SCV  
  14  0:30  SCV  
  15  0:39  Barracks  
  16  0:42  SCV  
  16  0:59  SCV  
  17  1:13  Barracks  
  17  1:17  SCV  
  18  1:28  Marine  
  19  1:35  Barracks  
  19  1:38  SCV  
  20  1:46  Marine  
  21  1:53  Supply Depot  
  21  1:56  Supply Depot  
  21  1:58  Orbital Command  
  21  2:00  Refinery  
  21  2:01  Marine  
  22  2:14  Marine  
  23  2:19  Marine  
  24  2:24  Marine  
  25  2:32  Marine  
  25  2:34  SCV  
  25  2:37  Marine  
  27  2:42  Marine  
  29  2:46  SCV  
  29  2:50  Marine  
  31  2:54  Marine  
  32  3:00  Marine  
  32  3:08  Marine  
  32  3:12  Marine  
  33  3:14  Factory  
  33  3:17  Marine  
  33  3:19  Supply Depot  
  35  3:25  Marine  
  36  3:30  Marine  
  37  3:35  Marine  
  35  3:43  Marine  
  35  3:48  Marine  
  35  3:53  Marine  
  34  4:01  Marine  
  34  4:02  Factory Tech Lab  
  32  4:06  Marine  
  32  4:09  Barracks  
  33  4:11  Marine  
  33  4:12  Barracks  
  33  4:14  SCV  
  35  4:19  Marine  
  35  4:23  Marine, Siege Tank  
  40  4:29  Marine  
  41  4:37  Marine  
  42  4:43  Barracks Tech Lab  
  42  5:04  Command Center  
  42  5:17  Starport  
  42  5:19  Marine x3  
  42  5:20  Marine  
  43  5:37  Marine  
  43  5:38  Marauder  
  46  5:56  Supply Depot  
  46  6:09  Marauder  
  46  6:15  Liberator  
  46  6:17  Marine x3, Supply Depot  
  52  6:28  SCV  
  52  6:30  SCV, Marauder  
  54  6:35  Marine x3  
  56  6:40  SCV  
  56  6:42  SCV  
  58  6:52  SCV  
  48  7:04  SCV  
  32  7:11  Marauder, Marine x3  
  34  7:23  SCV  
  34  7:24  SCV  
  34  7:29  Marine x3  
  39  7:32  Marauder  
  39  7:35  SCV  
  39  7:36  SCV  
  38  7:47  Marine x3  
  38  7:48  SCV  
  41  7:53  Siege Tank  
  41  7:54  Marauder  
  45  8:00  Barracks  
  45  8:04  Marine  
  42  8:22  Marine  
  38  8:40  Marine  
  36  8:43  Bunker  
  36  8:53  Barracks x2  
  36  8:55  Factory  
  36  8:58  Marine  
  37  9:03  Marine  
  38  9:11  Supply Depot  
  38  9:14  Engineering Bay  
  38  9:16  Marine  
  39  9:18  Refinery  
  39  9:21  Marine  
  39  9:23  Orbital Command  
  40  9:24  SCV  
  41  9:33  Marine  
  41  9:36  SCV  
  43  9:39  Command Center  
  43  9:40  Factory  
  43  9:41  Barracks Tech Lab  
  43  9:45  Marine x2  
  44  9:46  Factory Tech Lab  
  44  9:48  SCV  
  44  9:51  Marine  
  46  10:00  SCV  
  46  10:01  Marauder  
  46  10:03  Marine x2  
  46  10:04  Marine x2  
  53  10:09  Marine  
  54  10:16  Refinery  
  54  10:19  Refinery  
  54  10:21  Marine x2  
  48  10:22  Marine  
  48  10:23  Marauder  
  48  10:26  Siege Tank  
  54  10:32  Factory Tech Lab  
  54  10:56  Barracks Tech Lab  
  54  10:57  Barracks Tech Lab  
  54  10:59  Barracks Reactor  
  54  11:14  Marine  
  54  11:15  Marauder, Marine x3  
  60  11:20  Missile Turret  
  60  11:21  Missile Turret  
  60  11:22  Missile Turret  
  60  11:36  Marauder  
  60  11:38  Terran Infantry Weapons Level 1  
  62  11:42  Missile Turret x2  
  62  11:47  Missile Turret  
  62  11:50  Supply Depot  
  62  11:55  Supply Depot x2  
  62  12:03  Missile Turret  
  62  12:04  Missile Turret  
  62  12:10  Missile Turret  
  62  12:11  Siege Tank x2  
  62  12:12  Marauder  
  70  12:16  Barracks Reactor, SCV x2  
  70  12:20  Barracks Tech Lab, Command Center  
  72  12:28  SCV x2  
  73  12:34  Missile Turret  
  72  12:37  Missile Turret  
  72  12:39  Missile Turret  
  72  12:44  Siege Tank x2  
  78  12:49  SCV x2  
  80  12:52  Command Center  
  80  12:57  Missile Turret  
  80  13:01  SCV  
  80  13:02  SCV, Marauder x2, Missile Turret  
  86  13:08  Supply Depot  
  86  13:12  Command Center  
  86  13:30  SCV x2, Marauder x2, Marine x2  
  86  13:32  Supply Depot  
  94  13:53  Marine  
  94  13:54  Marauder x3  
  100  14:00  Supply Depot  
  98  14:14  Marine x3  
  98  14:15  Marauder x3, Marine x2  
  109  14:24  Supply Depot  
  109  14:32  Marine  
  109  14:36  Marauder x3  
  92  14:53  Marine x5  
  92  14:57  Siege Tank x2  
  92  14:58  SCV x2, Marauder x3  
  111  15:05  Orbital Command  
  111  15:10  SCV x2  
  111  15:11  Marine x5  
  117  15:19  Marauder x3  
Show
View Real Time Build Order
Export as new Build Order

qqq Protoss - Winner!

Build Orders: Carriers 

Get SALT Encoding   

  12  0:07  Probe  
  13  0:25  Pylon  
  13  0:27  Probe  
  14  0:58  Probe, Forge  
  14  0:59  Pylon  
  15  1:10  Probe  
  16  1:32  Photon Cannon  
  16  1:36  Photon Cannon  
  16  1:39  Pylon  
  16  1:43  Probe  
  17  1:51  Gateway  
  17  1:55  Probe  
  17  1:58  Assimilator  
  18  2:04  Photon Cannon  
  18  2:50  Cybernetics Core  
  18  2:56  Zealot  
  20  3:00  Nexus  
  20  3:23  Probe, Assimilator  
  21  3:35  Probe  
  20  3:44  Pylon  
  20  3:47  Probe  
  20  3:49  Stalker  
  22  4:02  Shield Battery  
  22  4:30  Nexus  
  24  4:39  Probe  
  25  4:51  Probe  
  26  5:03  Probe  
  25  5:10  Pylon  
  25  5:13  Stalker  
  25  5:15  Probe  
  25  5:17  Stargate  
  25  5:19  Stargate  
  25  5:20  Pylon  
  25  5:21  Pylon  
  26  5:23  Pylon  
  26  5:27  Probe  
  26  5:28  Assimilator  
  27  5:39  Probe  
  28  5:48  Probe  
  29  5:51  Probe  
  29  5:56  Phoenix  
  30  5:59  Protoss Air Weapons Level 1  
  30  6:01  Probe  
  30  6:03  Probe  
  34  6:06  Phoenix  
  36  6:13  Probe  
  36  6:15  Probe  
  36  6:16  Phoenix  
  38  6:25  Probe  
  41  6:27  Probe  
  40  6:35  Phoenix  
  40  6:37  Probe  
  44  6:40  Probe  
  44  6:49  Probe  
  45  7:03  Phoenix x2  
  47  7:20  Probe x2  
  49  7:28  Phoenix x2  
  47  7:32  Probe x2  
  45  7:44  Probe x2  
  44  7:53  Phoenix  
  44  7:56  Probe x2  
  48  8:00  Phoenix  
  50  8:08  Probe  
  50  8:11  Probe  
  50  8:12  Probe  
  53  8:18  Phoenix  
  55  8:20  Probe  
  55  8:23  Probe  
  55  8:24  Probe  
  57  8:32  Probe  
  58  8:35  Probe  
  58  8:36  Probe  
  60  8:44  Probe  
  60  8:47  Probe  
  60  8:48  Probe  
  61  8:56  Probe  
  61  8:59  Probe  
  61  9:00  Probe  
  61  9:01  Fleet Beacon  
  62  9:03  Pylon  
  62  9:05  Pylon  
  62  9:08  Probe  
  63  9:10  Pylon  
  63  9:11  Pylon  
  63  9:12  Probe  
  63  9:13  Probe  
  63  9:16  Assimilator  
  65  9:21  Probe  
  65  9:24  Probe, Void Ray  
  71  9:25  Probe  
  72  9:33  Probe  
  72  9:36  Probe  
  72  9:37  Probe  
  69  9:45  Probe  
  68  9:48  Probe  
  67  9:58  Carrier  
  67  10:03  Probe  
  67  10:04  Probe  
  67  10:05  Probe  
  76  10:12  Carrier  
  82  10:23  Probe  
  82  10:28  Assimilator  
  81  10:33  Assimilator  
  81  10:35  Probe  
  73  10:45  Nexus  
  73  10:47  Probe  
  68  10:56  Carrier, Nexus  
  69  11:07  Probe  
  70  11:15  Probe  
  71  11:19  Probe  
  72  11:27  Probe  
  72  11:31  Probe  
  72  11:32  Carrier  
  80  11:39  Probe  
  81  11:40  Probe  
  82  11:48  Probe  
  82  11:51  Probe  
  84  11:57  Probe  
  84  12:00  Probe  
  86  12:03  Probe  
  86  12:07  Protoss Air Armor Level 1  
  87  12:09  Probe  
  87  12:12  Probe  
  87  12:15  Assimilator  
  89  12:18  Assimilator  
  89  12:21  Assimilator  
  89  12:22  Probe  
  90  12:24  Probe  
  90  12:26  Assimilator  
  90  12:27  Carrier  
  97  12:34  Probe  
  97  12:36  Carrier  
  97  12:37  Probe  
  104  12:38  Probe  
  105  12:46  Probe  
  105  12:49  Probe  
  105  12:50  Probe  
  108  12:51  Mothership  
  108  12:58  Probe  
  109  13:01  Probe  
  109  13:03  Probe  
  110  13:10  Probe  
  111  13:13  Probe  
  111  13:15  Probe  
  113  13:22  Probe  
  113  13:25  Probe  
  115  13:27  Probe  
  115  13:31  Carrier  
  122  13:34  Probe  
  122  13:37  Probe  
  122  13:39  Probe  
  122  13:40  Carrier  
  131  13:53  Pylon  
  131  13:55  Pylon  
  131  13:56  Nexus  
  131  13:58  Pylon  
  131  14:02  Probe x2  
  131  14:07  Pylon  
  131  14:11  Probe  
  131  14:12  Nexus  
  131  14:13  Pylon  
  131  14:14  Probe x2  
  134  14:23  Probe  
  135  14:34  Stargate  
  135  14:35  Carrier  
  135  14:36  Stargate  
  141  14:39  Stargate  
Tags
 
Add a new tag
Caveats
  • Supply blocks, unpowered buildings, or Contaminate may cause inaccurate times.
  • Supply counts are checked every 10 seconds.